 Dungeon Crawl Stone Soup version 0.30.0-29-ga12c61a403 (webtiles) character file.

Game seed: 5430712302544969824

521 Graphine the Shooter (level 7, -11/53 HPs)
             Began as a Formicid Hunter on June 22, 2023.
             Was an Initiate of Yredelemnul.
             Mangled by Pikel
             ... wielding a +1 whip of freezing
              (13 damage)
             ... on level 4 of the Dungeon.
             The game lasted 00:10:11 (3654 turns).

Graphine the Shooter (Formicid Hunter)              Turns: 3654, Time: 00:10:12

Health: -11/53     AC:  3    Str: 16    XL:     7   Next: 46%
Magic:  5/9        EV: 12    Int:  8    God:    Yredelemnul [......]
Gold:   245        SH:  0    Dex: 19    Spells: 6/6 levels left

rFire   . . .        r - +4 sling (flame)
rCold   . . .        (no shield)
rNeg    . . .        c - +0 leather armour
rPois   .            (helmet unavailable)
rElec   .            (no cloak)
rCorr   .            (no gloves)
SInv    +            (no boots)
Will    .....        w - amulet of magic regeneration
Stlth   +++          (no ring)
HPRegen 0.28/turn    (no ring)
MPRegen 0.51/turn

%: no passive effects
@: flying
A: permanent stasis, dig shafts and tunnels, antennae 3, four strong arms
a: Dig, Shaft Self, Renounce Religion, Recall Undead Harvest


You were on level 4 of the Dungeon.
You worshipped Yredelemnul.
Yredelemnul was noncommittal.
You visited 1 branch of the dungeon, and saw 4 of its levels.

You collected 245 gold pieces.

Inventory:

Hand Weapons
 a - a +0 shortbow
 j - a +1 short sword of draining
 r - a +4 sling of flaming (weapon)
Armour
 c - a +0 leather armour (worn)
 m - a +1 ring mail
Jewellery
 w - an amulet of magic regeneration (around neck)
 x - a +5 ring of evasion
Wands
 d - a wand of iceblast (2)
Scrolls
 b - a scroll of immolation
 n - a scroll of identify
Potions
 e - 2 potions of degeneration
 f - a potion of resistance
 i - a potion of flight
 k - a potion of brilliance
 l - 2 potions of berserk rage {unknown}
 o - a potion of might {unknown}
 p - a potion of invisibility {unknown}
 u - a potion of lignification {unknown}
 v - a potion of heal wounds {unknown}


   Skills:
 + Level 3.8 Fighting
 + Level 5.0 Ranged Weapons
 + Level 2.7 Armour
 - Level 2.0 Dodging
 + Level 4.0 Stealth
 + Level 1.5 Shields
 + Level 3.3 Poison Magic
 + Level 3.1 Invocations


You had 6 spell levels left.
You didn't know any spells.
Your spell library contained the following spells:

 Spells                   Type           Power      Damage    Failure   Level
 Magic Dart               Conj           0%         1d3       45%         1
 Call Imp                 Summ           0%         N/A       61%         2
 Mephitic Cloud           Conj/Pois/Air  1%         N/A       69%         3


Dungeon Overview and Level Annotations

Branches:
Dungeon (4/15)
 Temple: D:4-7

Altars:
Yredelemnul

Shops:
D:2 :

Annotations:
D:4 Pikel


Innate Abilities, Weirdness & Mutations

You cannot be hasted, slowed, berserked, paralysed or teleported.
You can dig through walls and to a lower floor.
You have a pair of large antennae on your head. (SInv)
Your four strong arms can wield two-handed weapons with a shield.


Message History

Pikel hits you with a +1 whip of freezing!
Pikel freezes you.
* * * LOW HITPOINT WARNING * * *
You feel better.
Pikel hits you with a +1 whip of freezing.
Pikel freezes you.
Fire: r) +4 sling (antimagic)
Press: ? - help, Q - select action, (/) - cycle Shift-Dir - straight line, f/p - Pikel
Aim: Pikel, wielding a +1 whip of freezing, wearing a +0 robe and carrying a wand of iceblast (7) (moderately wounded, 60% to hit)
You shoot a sling bullet. The sling bullet hits Pikel.
Pikel is moderately wounded.
Pikel hits you with a +1 whip of freezing.
* * * LOW HITPOINT WARNING * * *
Pikel freezes you.
* * * LOW HITPOINT WARNING * * *
Okay, then.
As you read the scroll labelled VUXOOF TARU, it crumbles to dust.
It is a scroll of brand weapon.
Your +4 antimagic sling is engulfed in flames!
r - a +4 sling of flaming (weapon)
Pikel hits you with a +1 whip of freezing!
* * * LOW HITPOINT WARNING * * *
Pikel freezes you.
* * * LOW HITPOINT WARNING * * *
You feel better.
Pikel hits you with a +1 whip of freezing.
* * * LOW HITPOINT WARNING * * *
Pikel freezes you.
* * * LOW HITPOINT WARNING * * *
Okay, then.
You feel very buoyant.
You fly up into the air.
Pikel hits you with a +1 whip of freezing.
* * * LOW HITPOINT WARNING * * *
Pikel freezes you.
* * * LOW HITPOINT WARNING * * *
The lemure closely misses you.
Pikel hits you with a +1 whip of freezing!
You die...
Your body rises from the dead as a mindless zombie.

P.# .≈ ..#
#.≈≈.. .# ^.#
##.≈≈###.##
..###
##..≈≈#....
....#
#...≈≈#8.### #
..Z.##
#.#.≈≈#..#8###8
#.##.#
#.#.≈≈####.....
..##.##
##...≈≈≈≈≈≈≈≈~≈≈
.####.#
#....@≈≈≈≈≈≈≈~≈≈
.#.##.##
#.##.K5555......
##..#..###
#.#######.######
#.####Z..# #.#
.# #....###Z#
#Z# .5{{{{
#.#...##.# #.#
.## #.#...##.#
#.# .#
.........#
#.#######.#
###..#.###
#.ZZ......#


You could see Pikel and 4 lemures.

Vanquished Creatures
  3 scorpions (D:4)
  A gnoll bouda (D:3)
  A sleepcap (D:4)
  Jessica (D:3)
  Natasha (twice) (D:3)
  An orc wizard (D:3)
  Terence (D:2)
  5 gnolls (D:3)
  2 adders
  A worm (D:3)
  A dart slug (D:2)
  3 orcs (D:3)
  10 ball pythons
  4 endoplasms
  10 goblins
  8 hobgoblins
  4 quokkas
  13 bats
  3 frilled lizards
  2 kobolds (D:2)
  3 rats
79 creatures vanquished.

Vanquished Creatures (collateral kills)
  Natasha (D:3)
  3 bats (D:4)
  2 jackals (D:2)
6 creatures vanquished.

Vanquished Creatures (others)
  An adder zombie (D:2)
  5 bat zombies
  A ball python zombie (D:2)
  3 gnoll zombies (D:3)
  A goblin zombie (D:3)
  4 hobgoblin zombies
  2 jackal zombies (D:2)
  2 orc zombies (D:3)
  A quokka zombie (D:3)
20 creatures vanquished.

Grand Total: 105 creatures vanquished

Notes
Turn   | Place    | Note
-------+----------+-------------------------------------------
     0 | D:1      | Graphine the Formicid Hunter began the quest for the Orb.
     0 | D:1      | Reached XP level 1. HP: 16/16 MP: 1/1
   124 | D:1      | Reached XP level 2. HP: 23/23 MP: 2/2
   676 | D:1      | Reached XP level 3. HP: 21/28 MP: 3/3
  1238 | D:2      | Reached skill level 1 in Poison Magic
  1285 | D:2      | Found Kiboi's Book Shop.
  1608 | D:2      | Found a faded altar of an unknown god.
  1619 | D:2      | Prayed at the altar of an unknown god.
  1619 | D:2      | Became a worshipper of Yredelemnul the Dark
  1619 | D:2      | Reached * piety under Yredelemnul
  1622 | D:2      | Reached XP level 4. HP: 33/34 MP: 4/4
  1625 | D:2      | Reached skill level 1 in Invocations
  1635 | D:2      | Noticed Terence
  1663 | D:2      | Killed Terence
  1664 | D:2      | Reached skill level 1 in Armour
  1977 | D:3      | Reached XP level 5. HP: 41/41 MP: 4/6
  2075 | D:3      | Noticed Natasha
  2080 | D:3      | Killed Natasha
  2095 | D:3      | Noticed Jessica
  2099 | D:3      | Killed Jessica
  2210 | D:3      | Noticed Natasha
  2219 | D:3      | Killed Natasha
  2220 | D:3      | Reached XP level 6. HP: 28/47 MP: 7/7
  2498 | D:3      | Noticed Natasha
  2506 | D:3      | Killed Natasha
  3178 | D:4      | Reached skill level 1 in Shields
  3178 | D:4      | Reached XP level 7. HP: 21/53 MP: 3/9
  3392 | D:4      | Reached skill level 5 in Ranged Weapons
  3631 | D:4      | Noticed Pikel
  3651 | D:4      | HP: 2/53 [Pikel/+1 whip of freezing (4)]
  3654 | D:4      | Mangled by Pikel

Illustrated notes

Levels and vault maps discovered:
D:1:      wander_arrival_fairy_ring, layout_loops_corners, solitary_fountain,
          minmay_misc_feat_encased, minmay_hexomino_p4
D:2:      layout_basic, shapermc_ecumenical_altar_starsandcircs, serial_shops,
          shop, uniq_terence
D:3:      layout_loops_cross, uniq_jessica, uniq_natasha
D:4:      old_forge, layout_loops_ring, gammafunk_ghost_gnarly_gnolls,
          uniq_pikel

Skill      XL: |  1  2  3  4  5  6  7 |
---------------+----------------------+-----
Dodging        | 2 |  2.0
Stealth        | 2 3 4 |  4.0
Poison Magic   | 1 2 3 |  3.3
Invocations    | 1 2 3 |  3.1
Armour         | 1 2 |  2.7
Fighting       | 3 |  3.8
Shields        | 1 |  1.5
Ranged Weapons | 5 |  5.0

Action                     |  1- 3 |  4- 6 |  7- 9 || total
---------------------------+-------+-------+-------++-------
   Fire: Shortbow          |    79 |   100 |       ||   179
         Sling             |       |    25 |    53 ||    78
 Invoke: Recall Undead Har |       |     1 |       ||     1
Ability: Dig               |     3 |       |       ||     3
    Use: Scroll            |     4 |     9 |     1 ||    14
         Potion            |       |     1 |     3 ||     4
 Armour: Leather armour    |     5 |    10 |    14 ||    29
  Dodge: Dodged            |    21 |    52 |    23 ||    96
